 Dungeon Crawl Stone Soup version 0.29.0-4-gdea44cf6ec (webtiles) character file.

Game seed: 11348827625433325979

64 qw the Chopper (level 4, -2/26 HPs)
             Began as a Tengu Warper on Aug 28, 2022.
             Slain by Terence
             ... wielding a +0 short sword
              (7 damage)
             ... on level 3 of the Dungeon.
             The game lasted 00:00:15 (3107 turns).

qw the Chopper (Tengu Warper)                       Turns: 3107, Time: 00:00:16

Health: -2/26      AC:  0    Str: 13    XL:     4   Next: 12%
Magic:  8/8        EV: 19    Int: 13    God:
Gold:   164        SH:  0    Dex: 19    Spells: 7/7 levels left

rFire   . . .      SeeInvis .   (weapon currently unavailable)
rCold   . . .      Faith    .   (shield currently unavailable)
rNeg    . . .      Spirit   .   (body armour currently unavailable)
rPois   .          Reflect  .   (helmet currently unavailable)
rElec   .          Harm     .   (cloak currently unavailable)
rCorr   .          Rampage  .   (gloves currently unavailable)
Will    .....                   (boots unavailable)
Stlth   ++........              (no amulet)
HPRegen 0.08/turn               (ring currently unavailable)
MPRegen 0.11/turn               (ring currently unavailable)

@: bat-form (expiring), flying, very quick
A: fast, flying, no casting, tiny, (beak), (talons 3)
a: no special abilities


You were on level 3 of the Dungeon.
You were a bat.
You visited 1 branch of the dungeon, and saw 3 of its levels.

You collected 164 gold pieces.


Innate Abilities, Weirdness & Mutations

You are a bat.
You are tiny and dextrous.
You move quickly.
You are flying.
Your equipment is almost entirely melded.
You are incapable of wielding weapons or throwing items.
You cannot cast spells.
((You have a beak for a mouth.))
((You have claws for feet.))


   Skills:
 - Level 2.0 Fighting
 + Level 4.7 Axes
 - Level 1.0 Throwing
 - Level 1.1 Armour
 - Level 2.1 Dodging
 - Level 2.0 Spellcasting
 - Level 2.4 Translocations


You had 7 spell levels left.
You didn't know any spells.
Your spell library contained the following spells:

 Spells                   Type           Power      Damage    Failure   Level
 Blink                    Tloc           14%        N/A       14%         2
 Gell's Gravitas          Tloc           7%         N/A       28%         3
 Lesser Beckoning         Tloc           7%         N/A       28%         3
 Teleport Other           Tloc           7%         N/A       28%         3
 Manifold Assault         Tloc           7%         N/A       95%         5

Inventory:

Hand Weapons
 f - a +0 flail
 Y - a +1 hand axe (melded)
Armour
 b - a +0 leather armour (melded)
 h - a +0 ring mail
 i - a +0 cloak (melded)
 k - a +1 pair of gloves of dexterity (melded)
Potions
 a - a potion of attraction {unknown}
 c - a potion of resistance
 d - a potion of lignification {unknown}
 g - a potion of brilliance {unknown}

Dungeon Overview and Level Annotations

Branches:
Dungeon (3/15)

Altars:
Trog

Annotations:
D:3 1 runed translucent door, Crazy Yiuf, Terence


Message History

Terence misses you.
You hit Terence but do no damage.
Terence is moderately wounded.
Terence completely misses you.
You hit Terence but do no damage.
Terence is moderately wounded.
Terence misses you.
You hit Terence but do no damage.
Terence is moderately wounded.
Terence says, "Did you write a will?
You should..."
Terence barely misses you.
You hit Terence but do no damage.
Terence is moderately wounded.
Terence misses you.
You hit Terence but do no damage.
Terence is moderately wounded.
Terence barely misses you.
You hit Terence but do no damage.
Terence is moderately wounded.
Terence asks, "Do you want it fast or slow?"
Terence hits you with a +0 short sword!
You hit Terence but do no damage.
Terence is moderately wounded.
Terence barely misses you.
You barely miss Terence.
Terence is moderately wounded.
Terence closely misses you.
You hit Terence but do no damage.
Terence is moderately wounded.
Your transformation is almost over.
Terence misses you.
You hit Terence but do no damage.
Terence is moderately wounded.
Terence misses you.
You hit Terence but do no damage.
Terence is moderately wounded.
You hit Terence.
Terence is moderately wounded.
Terence hits you with a +0 short sword!
You die...

### #..# ###.######
#...# #..# #[# +...#
#..##########.# #..)#
#..#..........# ###
#..#.########## ##.#.#
#.#.####
########.#....##########
................b@......
...).)..................
..#)[#.###....##########
###..#.# #....# #..#.#
#....# #..#.# #....#
#..#.# #....# #..#.#
#.#### #..#.# #.#


You could see Terence.

Vanquished Creatures
  An adder (D:3)
  2 worms (D:2)
  A dart slug (D:2)
  4 orcs (D:3)
  4 bats
  4 endoplasms
  6 giant cockroaches
  3 hobgoblins
  4 jackals (D:1)
  A quokka (D:1)
  A ball python (D:1)
  A frilled lizard (D:2)
  3 goblins
  4 rats
39 creatures vanquished.

Notes
Turn   | Place    | Note
-------+----------+-------------------------------------------
     0 | D:1      | qw the Tengu Warper began the quest for the Orb.
     0 | D:1      | Reached XP level 1. HP: 12/12 MP: 4/4
     0 | D:1      | 0 ||| qw: Version: 0.1-a-89-g26bdef1
     0 | D:1      | 0 ||| qw: Game counter: 2838
     0 | D:1      | 0 ||| qw: Always use a shield: true
     0 | D:1      | 0 ||| qw: God list: Okawaru
     0 | D:1      | 0 ||| qw: Allow faded altars: false
     0 | D:1      | 0 ||| qw: Do Orc after D:15 true
     0 | D:1      | 0 ||| qw: Do second Lair branch before Depths: true
     0 | D:1      | 0 ||| qw: Lair rune preference: random
     0 | D:1      | 0 ||| qw: Plans: Normal
     0 | D:1      | 0 ||| PLANNING D:1-11
   341 | D:1      | Reached skill level 3 in Axes
   341 | D:1      | Reached XP level 2. HP: 15/17 MP: 6/6
  1306 | D:1      | 1306 ||| UPGRADING to +0 pair of gloves.
  1311 | D:1      | 1311 ||| UPGRADING to +0 cloak.
  1316 | D:1      | 1316 ||| READING scroll labelled GEOSMO ROUL ITASH.
  1317 | D:1      | 1317 ||| READING scroll labelled YWE ROCHOE.
  1318 | D:1      | 1318 ||| DROPPING scroll of blinking.
  1433 | D:2      | Reached XP level 3. HP: 21/21 MP: 7/7
  1560 | D:2      | You fall into a shaft and drop 1 floor!
  1591 | D:3      | 1591 ||| READING scroll labelled CUAVOM ZURR.
  1596 | D:3      | 1596 ||| DRINKING 2 fuming emerald potions.
  1674 | D:2      | Reached skill level 4 in Axes
  2044 | D:2      | 2044 ||| Stepping ~*~*~tactically~*~*~ (hiding).
  2303 | D:2      | 2303 ||| UPGRADING to +1 pair of gloves of dexterity.
  2313 | D:2      | 2313 ||| DROPPING +0 pair of gloves.
  2314 | D:2      | 2314 ||| READING scroll labelled IMI TABARCH.
  2315 | D:2      | 2315 ||| READING scroll labelled JUADDU IZUKU.
  2451 | D:3      | Found a bloodstained altar of Trog.
  2628 | D:3      | 2628 ||| Stepping ~*~*~tactically~*~*~ (hiding).
  2636 | D:3      | Reached XP level 4. HP: 13/26 MP: 8/8
  2639 | D:3      | 2639 ||| FLEEEEING.
  2640 | D:3      | 2640 ||| FLEEEEING.
  2641 | D:3      | 2641 ||| FLEEEEING.
  2642 | D:3      | 2642 ||| FLEEEEING.
  2643 | D:3      | 2643 ||| FLEEEEING.
  2644 | D:3      | 2644 ||| FLEEEEING.
  2645 | D:3      | 2645 ||| FLEEEEING.
  2646 | D:3      | 2646 ||| FLEEEEING.
  2647 | D:3      | 2647 ||| FLEEEEING.
  2648 | D:3      | 2648 ||| FLEEEEING.
  2650 | D:3      | 2650 ||| FLEEEEING.
  2652 | D:3      | 2652 ||| FLEEEEING.
  2653 | D:3      | 2653 ||| FLEEEEING.
  2654 | D:3      | 2654 ||| FLEEEEING.
  2655 | D:3      | 2655 ||| FLEEEEING.
  2656 | D:3      | 2656 ||| FLEEEEING.
  2657 | D:3      | 2657 ||| FLEEEEING.
  2658 | D:3      | 2658 ||| FLEEEEING.
  2659 | D:3      | 2659 ||| FLEEEEING.
  2660 | D:3      | 2660 ||| FLEEEEING.
  2661 | D:3      | 2661 ||| FLEEEEING.
  2662 | D:3      | 2662 ||| FLEEEEING.
  2663 | D:3      | 2663 ||| FLEEEEING.
  2664 | D:3      | 2664 ||| FLEEEEING.
  2665 | D:3      | 2665 ||| FLEEEEING.
  2666 | D:3      | 2666 ||| FLEEEEING.
  2667 | D:3      | 2667 ||| FLEEEEING.
  2668 | D:3      | 2668 ||| FLEEEEING.
  2669 | D:3      | 2669 ||| FLEEEEING.
  2670 | D:3      | 2670 ||| FLEEEEING.
  2671 | D:3      | 2671 ||| FLEEEEING.
  2672 | D:3      | 2672 ||| FLEEEEING.
  2673 | D:3      | 2673 ||| FLEEEEING.
  2674 | D:3      | 2674 ||| FLEEEEING.
  2675 | D:3      | 2675 ||| FLEEEEING.
  2676 | D:3      | 2676 ||| FLEEEEING.
  2677 | D:3      | 2677 ||| FLEEEEING.
  2678 | D:3      | 2678 ||| FLEEEEING.
  2679 | D:3      | 2679 ||| FLEEEEING.
  2680 | D:3      | 2680 ||| FLEEEEING.
  2681 | D:3      | 2681 ||| FLEEEEING.
  2682 | D:3      | 2682 ||| FLEEEEING.
  2683 | D:3      | 2683 ||| FLEEEEING.
  2684 | D:3      | 2684 ||| FLEEEEING.
  2685 | D:3      | 2685 ||| FLEEEEING.
  2686 | D:3      | 2686 ||| FLEEEEING.
  2687 | D:3      | 2687 ||| FLEEEEING.
  2688 | D:3      | 2688 ||| FLEEEEING.
  2689 | D:3      | 2689 ||| FLEEEEING.
  2690 | D:3      | 2690 ||| FLEEEEING.
  2691 | D:3      | 2691 ||| FLEEEEING.
  2692 | D:3      | 2692 ||| FLEEEEING.
  2693 | D:3      | 2693 ||| FLEEEEING.
  2694 | D:3      | 2694 ||| FLEEEEING.
  2695 | D:3      | 2695 ||| FLEEEEING.
  2696 | D:3      | 2696 ||| FLEEEEING.
  2697 | D:3      | 2697 ||| FLEEEEING.
  2698 | D:3      | 2698 ||| FLEEEEING.
  2699 | D:3      | 2699 ||| FLEEEEING.
  2700 | D:3      | 2700 ||| FLEEEEING.
  2701 | D:3      | 2701 ||| FLEEEEING.
  2702 | D:3      | 2702 ||| FLEEEEING.
  2703 | D:3      | 2703 ||| FLEEEEING.
  2704 | D:3      | 2704 ||| FLEEEEING.
  2705 | D:3      | 2705 ||| FLEEEEING.
  2706 | D:3      | 2706 ||| FLEEEEING.
  2707 | D:3      | 2707 ||| FLEEEEING.
  2708 | D:3      | 2708 ||| FLEEEEING.
  2709 | D:3      | 2709 ||| FLEEEEING.
  2710 | D:3      | 2710 ||| FLEEEEING.
  2711 | D:3      | 2711 ||| FLEEEEING.
  2712 | D:3      | 2712 ||| FLEEEEING.
  2713 | D:3      | 2713 ||| FLEEEEING.
  2714 | D:3      | 2714 ||| FLEEEEING.
  2715 | D:3      | 2715 ||| FLEEEEING.
  2716 | D:3      | 2716 ||| FLEEEEING.
  2717 | D:3      | 2717 ||| FLEEEEING.
  2718 | D:3      | 2718 ||| FLEEEEING.
  2719 | D:3      | 2719 ||| FLEEEEING.
  2720 | D:3      | 2720 ||| FLEEEEING.
  2721 | D:3      | 2721 ||| FLEEEEING.
  2722 | D:3      | 2722 ||| FLEEEEING.
  2723 | D:3      | 2723 ||| FLEEEEING.
  2724 | D:3      | 2724 ||| FLEEEEING.
  2725 | D:3      | 2725 ||| FLEEEEING.
  2726 | D:3      | 2726 ||| FLEEEEING.
  2727 | D:3      | 2727 ||| FLEEEEING.
  2728 | D:3      | 2728 ||| FLEEEEING.
  2729 | D:3      | 2729 ||| FLEEEEING.
  2730 | D:3      | 2730 ||| FLEEEEING.
  2731 | D:3      | 2731 ||| FLEEEEING.
  2732 | D:3      | 2732 ||| FLEEEEING.
  2733 | D:3      | 2733 ||| FLEEEEING.
  2734 | D:3      | 2734 ||| FLEEEEING.
  2735 | D:3      | 2735 ||| FLEEEEING.
  2736 | D:3      | 2736 ||| FLEEEEING.
  2737 | D:3      | 2737 ||| FLEEEEING.
  2738 | D:3      | 2738 ||| FLEEEEING.
  2739 | D:3      | 2739 ||| FLEEEEING.
  2740 | D:3      | 2740 ||| FLEEEEING.
  2741 | D:3      | 2741 ||| FLEEEEING.
  2742 | D:3      | 2742 ||| FLEEEEING.
  2743 | D:3      | 2743 ||| FLEEEEING.
  2744 | D:3      | 2744 ||| FLEEEEING.
  2745 | D:3      | 2745 ||| FLEEEEING.
  2746 | D:3      | 2746 ||| FLEEEEING.
  2747 | D:3      | 2747 ||| FLEEEEING.
  2748 | D:3      | 2748 ||| FLEEEEING.
  2749 | D:3      | 2749 ||| FLEEEEING.
  2750 | D:3      | 2750 ||| FLEEEEING.
  2751 | D:3      | 2751 ||| FLEEEEING.
  2752 | D:3      | 2752 ||| FLEEEEING.
  2753 | D:3      | 2753 ||| FLEEEEING.
  2754 | D:3      | 2754 ||| FLEEEEING.
  2755 | D:3      | 2755 ||| FLEEEEING.
  2756 | D:3      | 2756 ||| FLEEEEING.
  2757 | D:3      | 2757 ||| FLEEEEING.
  2758 | D:3      | 2758 ||| FLEEEEING.
  2759 | D:3      | 2759 ||| FLEEEEING.
  2760 | D:3      | 2760 ||| FLEEEEING.
  2761 | D:3      | 2761 ||| FLEEEEING.
  2763 | D:3      | 2763 ||| FLEEEEING.
  2764 | D:3      | 2764 ||| FLEEEEING.
  2765 | D:3      | 2765 ||| FLEEEEING.
  2766 | D:3      | 2766 ||| FLEEEEING.
  2767 | D:3      | 2767 ||| FLEEEEING.
  2768 | D:3      | 2768 ||| FLEEEEING.
  2769 | D:3      | 2769 ||| FLEEEEING.
  2770 | D:3      | 2770 ||| FLEEEEING.
  2771 | D:3      | 2771 ||| FLEEEEING.
  2772 | D:3      | 2772 ||| FLEEEEING.
  2871 | D:3      | 2871 ||| DROPPING +0 club.
  2901 | D:3      | 2901 ||| DROPPING +0 mace.
  2947 | D:3      | Found a runed translucent door.
  2948 | D:3      | Noticed Crazy Yiuf
  3081 | D:3      | Noticed Terence
  3101 | D:3      | HP: 5/26 [Terence/+0 short sword (7)]
  3107 | D:3      | Slain by Terence

Levels and vault maps discovered:
D:1:      nzn_arrival_crosshair, layout_basic,
          shapermc_ecumenical_altar_mp_urbaneastern
D:2:      layout_loops_ring
D:3:      layout_basic, mainiacjoe_overflow_surrounded_room, uniq_terence,
          uniq_crazy_yiuf_cottage

Skill      XL: |  1  2  3 |
---------------+----------+-----
Axes           | 3 4 |  4.7
Fighting       | |  2.0
Throwing       | |  1.0
Armour         | |  1.1
Dodging        | |  2.1
Spellcasting   | |  2.0
Translocations | |  2.4

Action                   |  1- 3 |  4- 6 || total
-------------------------+-------+-------++-------
Melee: Hand axe          |    82 |     4 ||    86
       Kick              |    20 |     1 ||    21
       Peck              |     7 |       ||     7
       Punch             |     3 |       ||     3
       Unarmed           |       |    22 ||    22
Throw: Boomerang         |     7 |       ||     7
  Use: Scroll            |     5 |       ||     5
       Potion            |     1 |       ||     1
Armor: Leather armour    |    27 |       ||    27
Dodge: Dodged            |    44 |    17 ||    61

Table legend:
 A = Non-vault XP
 B = Vault XP
 C = Vault XP percentage of total XP
 D = Non-vault monster count
 E = Vault monster count
 F = Vault count percentage of total count
                 A         B        C        D         E       F
            +---------+---------+-------+---------+---------+-------
      Total |      92 |       0 |   0.0 |      39 |       0 |   0.0
            +---------+---------+-------+---------+---------+-------
        D:1 |      26 |       0 |   0.0 |      16 |       0 |   0.0
        D:2 |      37 |       0 |   0.0 |      16 |       0 |   0.0
        D:3 |      29 |       0 |   0.0 |       7 |       0 |   0.0
            +---------+---------+-------+---------+---------+-------
